AoeStats
← Bremmel

Migration

504977403Analyzed
1v1 RM · 26d ago on Sep 7, 2026· 27m 12s· 2 players
Game mode
Random Map
Map size
132×132
Population
200
Speed
Normal
Resources
Standard
Victory
Conquest
Starting age
Dark Age
Ending age
Imperial Age
RankedLock teamsTeams togetherTeam positionsShared explorationLock speedFull tech treeHidden civsTurbo modeCheats
Victory
Defeat
🇩🇪 Britons · Germany
649
+24
🇨🇦 Portuguese · Canada
572
-13
juliens_23
14:33 Feudal Age
15:25 Fishing Lines
15:42 Double-Bit Axe
15:41 Horse Collar
19:17 Man-at-Arms
26:58 Castle Age
26:01 Gold Mining
26:31 Forging
Bremmel
3:12 Loom
10:18 Feudal Age
10:57 Double-Bit Axe
11:50 Wheelbarrow
10:58 Horse Collar
18:00 Man-at-Arms
24:16 Castle Age
22:58 Scale Mail Armor
23:10 Forging
24:46 Gold Mining
26:16 Heavy Plow
26:30 Bow Saw
Connection lost

Rejoining the realm…

Still unreachable

The connection could not be restored.

Session expired

The server has moved on; the page needs a fresh start.